 Dungeon Crawl Stone Soup version 0.18.1-48-g4cf74bf (webtiles) character file.

19 deraine the Firebug (level 2, 0/20 HPs)
             Began as a Draconian Fire Elementalist on Aug 26, 2016.
             Succumbed to a kobold's poison
             ... on level 1 of the Dungeon.
             The game lasted 00:09:15 (557 turns).

deraine the Firebug (Draconian Fire Elementalist)    Turns: 557, Time: 00:09:16

Health: 0/20       AC:  4    Str: 10    XL:     2   Next: 55%
Magic:  5/5        EV: 12    Int: 15    God:
Gold:   16         SH:  0    Dex: 11    Spells: 2 memorised, 2 levels left

rFire  . . .     SeeInvis .     c - +0 whip
rCold  . . .     Gourm    .     (armour unavailable)
rNeg   . . .     Faith    .     (no shield)
rPois  .         Spirit   .     (helmet restricted)
rElec  .         Dismiss  .     (no cloak)
rCorr  .         Reflect  .     (no gloves)
SustAt +         Harm     .     (no boots)
MR     .....                    (no amulet)
Stlth  ++........               (no ring)
                                g - ring of sustain attributes

@: lethally poisoned (0 -> -11), not resistant to hostile enchantments,
unstealthy
A: unfitting armour, cold-blooded, AC +4
a: no special abilities


You were on level 1 of the Dungeon.
You were full.

You visited 1 branch of the dungeon, and saw 1 of its levels.

You collected 16 gold pieces.

Inventory:

Hand Weapons
 c - a +0 whip (weapon)
 h - a +0 hunting sling
Missiles
 d - 34 stones (quivered)
Jewellery
 g - a ring of sustain attributes (left hand)
Scrolls
 e - a scroll of remove curse {unknown}
 f - a scroll of amnesia {unknown}
Books
 a - a book of Flames

   Spells                             Type                      Level
   a - Flame Tongue                   Conjuration/Fire             1
   b - Throw Flame                    Conjuration/Fire             2
   c - Conjure Flame                  Conjuration/Fire             3
   d - Inner Flame                    Hexes/Fire                   3
   e - Sticky Flame                   Conjuration/Fire             4
   f - Fireball                       Conjuration/Fire             5
Comestibles
 b - a bread ration


   Skills:
 + Level 0.2 Fighting
 + Level 2.2 Dodging
 + Level 1.7 Stealth
 + Level 0.2 Unarmed Combat
 + Level 2.1 Spellcasting
 + Level 1.0 Conjurations
 + Level 3.3 Fire Magic


You had 2 spell levels left.
You knew the following spells:

 Your Spells              Type           Power        Failure   Level  Hunger
a - Flame Tongue          Conj/Fire      #....        12%         1    #......
b - Throw Flame           Conj/Fire      #.....       14%         2    ###....


Dungeon Overview and Level Annotations

Branches:
Dungeon (1/15)

Altars:


Innate Abilities, Weirdness & Mutations

Your plain brown scales are hard (AC +4).
Your body does not fit into most forms of armour.
You are cold-blooded and may be slowed by cold attacks.


Message History

There is a lethal amount of poison in your body!
There is a lethal amount of poison in your body!
Eat which item? (? for menu, Esc to quit)
* * * LOW HITPOINT WARNING * * *
You feel sick.
You continue eating.
* * * LOW HITPOINT WARNING * * *
You feel sick.
You continue eating.
* * * LOW HITPOINT WARNING * * *
You feel sick.
You finish eating.
That bread ration really hit the spot!
There is a lethal amount of poison in your body!
* * * LOW HITPOINT WARNING * * *
You feel sick.
* * * LOW HITPOINT WARNING * * *
You feel sick.
* * * LOW HITPOINT WARNING * * *
You feel sick.
You die...

###.>......# #.#
####.##### #.#
#. #.# #. #.#
### #.#######.#
..# #.........#
#.# ########..#
#. #.# #..# #.
## #@# #..# #.
#.##.# #..# #.
#.#.# #..##
###.#### ## #..#
#.... .......#
#.# ##)# #.###
.......#
#.###.## #.#
.....†.# #.#.##
#.#
.......######.##
#.#
..............#
#.#


There were no monsters in sight!

Vanquished Creatures
  A dart slug (D:1)
  A goblin (D:1)
  A hobgoblin (D:1)
  4 jackals (D:1)
  6 bats (D:1)
  2 giant newts (D:1)
  2 kobolds (D:1)
  A rat (D:1)
18 creatures vanquished.

Notes
Turn   | Place    | Note
--------------------------------------------------------------
     0 | D:1      | deraine the Draconian Fire Elementalist began the quest for the Orb.
     0 | D:1      | Reached XP level 1. HP: 14/14 MP: 3/3
   305 | D:1      | Reached XP level 2. HP: 20/20 MP: 5/5
   441 | D:1      | Learned a level 2 spell: Throw Flame
   556 | D:1      | HP: 1/20 [poisoned by a kobold]
   557 | D:1      | Succumbed to a kobold's poison

Skill      XL: |  1 |
---------------+----+-----
Dodging        | 2 |  2.2
Fighting       | |  0.2
Stealth        | |  1.7
Unarmed Combat | |  0.2
Spellcasting   | |  2.1
Conjurations   | |  1.0
Fire Magic     | |  3.3

Action                   || total
-------------------------++-------
Melee: Unarmed           ||    22
       Whip              ||    65
       Tailslap          ||    10
 Stab: Sleeping          ||     1
  Eat: Bread ration      ||     1
Armor: Skin              ||    42
Dodge: Dodged            ||    83
